 Dungeon Crawl Stone Soup version 0.29-a0-486-ga88943ba61 (webtiles) character file.

Game seed: 12578087011858672350

246 Morbidden the Stinger (level 6, 0/59 HPs)
             Began as an Ogre Venom Mage on May 26, 2022.
             Was an Initiate of Cheibriados.
             Slain by a kobold
             ... wielding a +0 short sword
              (5 damage)
             ... on level 4 of the Dungeon.
             The game lasted 00:06:09 (4256 turns).

Morbidden the Stinger (Ogre Venom Mage)             Turns: 4256, Time: 00:06:10

Health: 0/59       AC:  4    Str: 14    XL:     6   Next: 11%
Magic:  6/11       EV: 10    Int: 19    God:    Cheibriados [......]
Gold:   180        SH:  0    Dex: 16    Spells: 5/12 levels left

rFire   . . .      SeeInvis .     - Unarmed
rCold   . . .      Faith    .   (no shield)
rNeg    . . .      Spirit   .   a - +1 robe
rPois   .          Reflect  .   (helmet restricted)
rElec   .          Harm     .   (no cloak)
rCorr   .          Rampage  .   (gloves unavailable)
Will    .....                   (boots unavailable)
Stlth   ++........              (no amulet)
HPRegen 0.19/turn               f - +6 ring of dexterity
MPRegen 0.12/turn               p - ring of wizardry

@: very slow
A: large, unfitting armour, tough skin 1
a: Renounce Religion


You were on level 4 of the Dungeon.
You worshipped Cheibriados.
Cheibriados was noncommittal.
You visited 1 branch of the dungeon, and saw 4 of its levels.

You collected 180 gold pieces.

Inventory:

Missiles
 l - 5 large rocks (quivered)
 n - 6 javelins
Armour
 a - a +1 robe (worn)
 m - a +0 cloak
Jewellery
 f - a +6 ring of dexterity (left hand)
 k - a ring of flight
 p - a ring of wizardry (right hand)
Scrolls
 c - 3 scrolls of identify
 g - 2 scrolls of blinking
 i - a scroll of amnesia
 j - a scroll of enchant armour
 q - a scroll of vulnerability
 r - a scroll of magic mapping {unknown}
Potions
 b - a potion of magic
 d - a potion of ambrosia {unknown}
 e - 3 potions of curing {unknown}
 h - 2 potions of invisibility {unknown}
 o - 2 potions of heal wounds {unknown}


   Skills:
 * Level 2.7 Fighting
 * Level 0.5 Throwing
 * Level 2.2 Dodging
 + Level 1.5 Stealth
 * Level 1.6 Unarmed Combat
 * Level 3.7 Spellcasting
 * Level 2.0 Transmutations
 * Level 3.7 Poison Magic


You had 5 spell levels left.
You knew the following spells:

 Your Spells              Type           Power      Damage    Failure   Level
a - Sting                 Tmut/Pois      56%        1d5       1%          1
b - Poisonous Vapours     Pois/Air       20%        N/A       4%          2
z - Olgreb's Toxic Radia  Pois           17%        N/A       12%         4

Your spell library contained the following spells:

 Spells                   Type           Power      Damage    Failure   Level
 Scorch                   Fire           6%         2d5       9%          2
 Mephitic Cloud           Conj/Pois/Air  8%         N/A       11%         3
 Gell's Gravitas          Tloc           3%         N/A       16%         3
 Lesser Beckoning         Tloc           3%         N/A       16%         3
 Teleport Other           Tloc           3%         N/A       16%         3
 Flame Wave               Conj/Fire      3%         2d4       45%         4
 Summon Cactus Giant      Summ           1%         N/A       100%        6


Dungeon Overview and Level Annotations

Branches:
Dungeon (4/15)
 Temple: D:4-7

Altars:
Cheibriados

Shops:
D:1 =   D:3 [

Annotations:
D:4 1 transporter


Innate Abilities, Weirdness & Mutations

You are too large for most types of armour.
You have tough skin. (AC +1)


Message History

Confirm with . or Enter, or press ? or * to list all spells.
Aiming: Poisonous Vapours (safe; 4% risk of failure)
Press: ? - help, Dir - move target, f/p - ogre
Aim: an ogre, wielding a +0 giant club (moderately wounded, very poisoned) Poisonous vapours surround the ogre!
The ogre looks even sicker.
The ogre hits you with a +0 giant club!
Unknown command.
You hit the ogre but do no damage.
The ogre is moderately wounded.
A kobold comes into view. It is wielding a +0 short sword.
Unknown command.
Casting: Poisonous Vapours (safe; 4% risk of failure)
Confirm with . or Enter, or press ? or * to list all spells.
Aiming: Sting (safe; 1% risk of failure)
Press: ? - help, Shift-Dir - straight line, f/p - ogre
Aim: an ogre, wielding a +0 giant club (moderately wounded, very poisoned, 86% to hit)
The sting hits the ogre.
The ogre looks as sick as possible!
The ogre is heavily wounded.
The ogre hits you with a +0 giant club!
Unknown command.
Casting: Sting (safe; 1% risk of failure)
Confirm with . or Enter, or press ? or * to list all spells.
Aiming: Sting (safe; 1% risk of failure)
Press: ? - help, Shift-Dir - straight line, f/p - ogre
Aim: an ogre, wielding a +0 giant club (heavily wounded, extremely poisoned, 86% to hit)
The sting hits the ogre.
The ogre looks as sick as possible!
The ogre is heavily wounded.
The ogre hits you with a +0 giant club!!
* * * LOW HITPOINT WARNING * * *
Okay, then.
Unknown command.
Unknown command.
Throw: 6 large rocks
Press: ? - help, Q - select action, (/) - cycle Shift-Dir - straight line, f/p - ogre
Aim: an ogre, wielding a +0 giant club (severely wounded, extremely poisoned, 75% to hit)
You throw a large rock. The large rock hits the ogre!
You kill the ogre!
Cheibriados appreciates the change of pace.
The kobold hits you with a +0 short sword.
You die...

#.#.#
#.#.#
#.#.# #.#
#.# ##
#.# ..
#.# #.
#.#
##.#@#
#..K.#
.....####
..#. ..
.. ©


You could see a kobold.

Vanquished Creatures
  An ogre (D:4)
  An orc priest (D:3)
  Terence (D:2)
  Natasha (twice) (D:2)
  3 gnolls (D:3)
  5 adders
  A worm (D:2)
  10 orcs (D:3)
  3 ball pythons
  4 endoplasms
  2 goblins
  5 hobgoblins
  8 jackals (D:3)
  5 bats
  2 frilled lizards
  5 kobolds
  3 rats
  A spectral hobgoblin (D:3)
62 creatures vanquished.

Notes
Turn   | Place    | Note
-------+----------+-------------------------------------------
     0 | D:1      | Morbidden the Ogre Venom Mage began the quest for the Orb.
     0 | D:1      | Reached XP level 1. HP: 16/16 MP: 3/3
   414 | D:1      | Reached XP level 2. HP: 25/26 MP: 0/5
   767 | D:1      | Found Pepsex's Jewellery Shop.
   897 | D:2      | Noticed Terence
   967 | D:2      | Reached skill level 1 in Transmutations
  1434 | D:2      | Reached skill level 1 in Fighting
  1583 | D:2      | Reached XP level 3. HP: 31/33 MP: 1/7
  1715 | D:2      | Learned a level 2 spell: Poisonous Vapours
  1870 | D:2      | Killed Terence
  1871 | D:2      | Reached XP level 4. HP: 28/41 MP: 0/8
  2042 | D:2      | Noticed Natasha
  2053 | D:2      | Killed Natasha
  2054 | D:2      | Reached skill level 1 in Unarmed Combat
  2260 | D:2      | Noticed Natasha
  2264 | D:2      | Killed Natasha
  2454 | D:3      | Reached XP level 5. HP: 48/49 MP: 4/9
  2525 | D:3      | Found Ligous's Armour Boutique.
  2822 | D:3      | Found a faded altar of an unknown god.
  2935 | D:3      | Found Gauniq's Antique Weapon Shop.
  3537 | D:3      | Reached XP level 6. HP: 41/59 MP: 6/11
  4171 | D:3      | Learned a level 4 spell: Olgreb's Toxic Radiance
  4185 | D:4      | Found a snail-covered altar of Cheibriados.
  4198 | D:4      | Became a worshipper of Cheibriados the Contemplative
  4246 | D:4      | Found a transporter.
  4256 | D:4      | Slain by a kobold

Illustrated notes

Levels and vault maps discovered:
D:1:      amcnicky_arrival_single_pillar, layout_basic, serial_shops,
          nicolae_square_shop
D:2:      layout_rooms, uniq_natasha, uniq_terence
D:3:      layout_loops_cross, serial_shops, nicolae_shop_stone, shop,
          dreamdust_ecumenical_altar_drowned_temple
D:4:      layout_loops_ring, cheibriados_altar_1,
          minmay_temple_entry_statues_pillars, gup_sewer_entry_bubbles,
          gammafunk_ghost_arena, minmay_joined_circles

Skill      XL: |  1  2  3  4  5 |
---------------+----------------+-----
Poison Magic   | 3 |  3.7
Transmutations | 1 2 |  2.0
Fighting       | 1 2 |  2.7
Spellcasting   | 3 |  3.7
Unarmed Combat | 1 |  1.6
Dodging        | 2 |  2.2
Throwing       | |  0.5
Stealth        | |  1.5

Action                   |  1- 3 |  4- 6 || total
-------------------------+-------+-------++-------
Melee: Unarmed           |    52 |    30 ||    82
       Punch             |     1 |       ||     1
Throw: Large rock        |     3 |     3 ||     6
       Javelin           |       |    15 ||    15
 Cast: Sting             |    52 |    71 ||   123
       Poisonous Vapours |     1 |    15 ||    16
  Use: Scroll            |       |     5 ||     5
Armor: Robe              |    19 |    20 ||    39
Dodge: Dodged            |    37 |    39 ||    76

Table legend: (Time is in decaauts)
 A = Elapsed time spent in this place.
 B = Non-inter-level travel time spent in this place.
 C = Inter-level travel time spent in this place.
 D = Time resting spent in this place.
 E = Time spent auto-exploring this place.
 F = Levels seen in this place.
 G = Mean time per level.
                   A        B        C        D        E       F      G
               +--------+--------+--------+--------+--------+-----+--------+
         Total |   4281 |   4124 |    157 |    533 |   2953 |   4 | 1070.2 |
       Dungeon |   4281 |   4124 |    157 |    533 |   2953 |   4 | 1070.2 |
               +--------+--------+--------+--------+--------+-----+--------+

Top non-repeatable levels by time:
     D:3: 1705 daAuts
     D:2: 1534 daAuts
     D:1: 945 daAuts
     D:4: 96 daAuts
